 Dungeon Crawl Stone Soup version 0.21.1-74-g47da9253eb (webtiles) character file.

33 Gargoyl the Skirmisher (level 3, 0/31 HPs)
             Began as a Centaur Abyssal Knight on Aug 8, 2018.
             Was a Follower of Lugonu.
             Slain by a worm (6 damage)
             ... on level 2 of the Dungeon.
             The game lasted 00:02:10 (1127 turns).

Gargoyl the Skirmisher (Centaur Abyssal Knight)     Turns: 1127, Time: 00:02:10

Health: 0/31       AC:  5    Str: 14    XL:     3   Next: 12%
Magic:  4/4        EV:  9    Int: 11    God:    Lugonu [*.....]
Gold:   32         SH:  0    Dex:  9    Spells: 2/2 levels left

rFire    . . .     SeeInvis .   a - +2 hand axe
rCold    . . .     Gourm    .   (no shield)
rNeg     . . .     Faith    .   b - +0 leather armour
rPois    .         Spirit   .   e - +0 helmet
rElec    .         Reflect  .   (no cloak)
rCorr    .         Harm     .   (no gloves)
MR       .....     Rnd*Tele +   (no barding)
Stlth    ..........             (no amulet)
HPRegen  0.10/turn              d - ring of teleportation (curse)
MPRegen  0.09/turn              (no ring)

@: very quick
A: large, hooves 3, deformed body, speed 2, tough skin 3
a: Depart the Abyss, Renounce Religion


You were on level 2 of the Dungeon.
You worshipped Lugonu.
Lugonu was aware of your devotion.
You were not hungry.

You visited 1 branch of the dungeon, and saw 2 of its levels.
You visited the Abyss 1 time.

You collected 32 gold pieces.

Inventory:

Hand Weapons
 a - a +2 hand axe (weapon)
Armour
 b - a +0 leather armour (worn)
 e - a +0 helmet (worn)
Jewellery
 d - a cursed ring of teleportation (left hand)
Scrolls
 f - a scroll of amnesia
 j - a scroll of enchant weapon
Potions
 g - a potion of cancellation {unknown}
 h - 2 potions of curing {unknown}
 i - a potion of berserk rage {unknown}
 k - a potion of lignification {unknown}
Comestibles
 c - 2 rations
 l - a chunk of flesh


   Skills:
 + Level 3.4 Fighting
 + Level 1.9 Axes
 * Level 2.0 Armour
 + Level 0.7 Dodging
 * Level 2.3 Invocations


You had 2 spell levels left.
You didn't know any spells.

Dungeon Overview and Level Annotations

Branches:
Dungeon (2/15)

Altars:


Innate Abilities, Weirdness & Mutations

You have hooves in place of feet.
Armour fits poorly on your strangely shaped body.
You cover ground very quickly.
You have extremely tough skin. (AC +3)


Message History

The worm bites you.
You barely miss the worm.
The worm is moderately wounded.
The worm bites you.
You hit the worm but do no damage.
The worm is moderately wounded.
You hit the worm.
The worm is heavily wounded.
The worm bites you.
* * * LOW HITPOINT WARNING * * *
You hit the worm.
The worm is heavily wounded.
The worm bites you.
* * * LOW HITPOINT WARNING * * *
You barely miss the worm.
The worm is heavily wounded.
You hit the worm. Your kick misses the worm.
The worm is severely wounded.
The worm bites you.
You die...

.............†.............
######.#####.###+####...###
.......# #.# #.# ..#
.<####..# #.###.# ## #.#
##.# #.. ..# #.# ..# ###
#.# #.# #.# #.# #.# .. #.#
#.# #.# #@# #.# #.######w#
#.# #.......w# #.#
#........# # #........#
#........# #.........+
#........## #.....[..#


You could see a worm and a dart slug.

Vanquished Creatures
  An adder (D:2)
  2 dart slugs (D:1)
  5 goblins (D:1)
  A hobgoblin (D:1)
  3 jackals (D:2)
  4 bats (D:1)
  3 rats
19 creatures vanquished.

Notes
Turn   | Place    | Note
-------+----------+-------------------------------------------
     0 | Abyss:1  | Gargoyl the Centaur Abyssal Knight began the quest for the Orb.
     0 | Abyss:1  | Reached XP level 1. HP: 19/19 MP: 2/2
    67 | Abyss:1  | Noticed a large abomination
    69 | Abyss:1  | Noticed a small abomination
    71 | Abyss:1  | Noticed a large abomination
    73 | Abyss:1  | Noticed an earth elemental
    73 | Abyss:1  | Noticed a crimson imp
    80 | Abyss:1  | Noticed an iron imp
    97 | Abyss:1  | Noticed an ancient zyme
   116 | Abyss:1  | Noticed a balrug
   118 | Abyss:1  | Noticed a ynoxinul
   120 | Abyss:1  | Noticed a ynoxinul
   121 | D:1      | Escaped the Abyss
   309 | D:1      | Reached XP level 2. HP: 23/26 MP: 3/3
   640 | D:1      | Reached * piety under Lugonu
   948 | D:2      | Reached XP level 3. HP: 11/31 MP: 4/4
  1127 | D:2      | Slain by a worm

Skill      XL: |  1  2 |
---------------+-------+-----
Armour         | 2 |  2.0
Fighting       | |  3.4
Axes           | |  1.9
Dodging        | |  0.7
Invocations    | |  2.3

Action                   || total
-------------------------++-------
Melee: Hand axe          ||    56
       Kick              ||     6
Invok: Depart the Abyss  ||     1
  Use: Scroll            ||     3
Armor: Leather armour    ||    30
Dodge: Dodged            ||    32
